 Dungeon Crawl Stone Soup version 0.29.1-12-g30fa7ad0bf (webtiles) character file.

Game seed: 41839053269700539

1808 H0rd4k the Martial Artist (level 9, -2/61 HPs)
             Began as an Octopode Artificer on Dec 20, 2022.
             Slain by a gnoll
             ... wielding a +0 spear
             ... led by a gnoll bouda
              (3 damage)
             ... on level 6 of the Dungeon.
             The game lasted 00:06:50 (6503 turns).

H0rd4k the Martial Artist (Octopode Artificer)      Turns: 6503, Time: 00:06:50

Health: -2/61      AC:  1    Str: 11    XL:     9   Next: 10%
Magic:  15/15      EV: 13    Int: 17    God:
Gold:   274        SH:  0    Dex: 13    Spells: 16/16 levels left

rFire   + . .      SeeInvis .     - Unarmed
rCold   x . .      Faith    .   (no shield)
rNeg    . . .      Spirit   .   (helmet restricted)
rPois   .          Reflect  .   (no amulet)
rElec   .          Harm     .   v - ring of wizardry
rCorr   .          Rampage  .   y - ring of fire
Will    .....                   (no ring)
Stlth   +++.......              (no ring)
HPRegen 0.20/turn               (no ring)
MPRegen 0.14/turn               (no ring)
                                (no ring)
                                (no ring)

@: mighty
A: almost no armour, amphibious, 8 rings, camouflage 1, gelatinous body 1,
(nimble swimmer 1), tentacles
a: no special abilities


You were on level 6 of the Dungeon.
You visited 1 branch of the dungeon, and saw 6 of its levels.

You collected 274 gold pieces.

Inventory:

Missiles
 a - 2 poisoned darts
 B - a throwing net
Magical Staves
 w - a staff of earth
Jewellery
 v - a ring of wizardry (left tentacle)
 y - a ring of fire (right tentacle)
Wands
 b - a wand of flame (1) (quivered)
Scrolls
 e - 3 scrolls of vulnerability {unknown}
 g - a scroll of fear {unknown}
 i - 2 scrolls of blinking {unknown}
 k - 9 scrolls of identify {unknown}
 l - 3 scrolls of noise {unknown}
 n - a scroll of amnesia {unknown}
 p - 2 scrolls of butterflies {unknown}
 q - a scroll of enchant armour {unknown}
 s - a scroll of magic mapping {unknown}
 u - 2 scrolls of teleportation {unknown}
 x - 3 scrolls of enchant weapon {unknown}
 A - a scroll of torment {unknown}
Potions
 f - 3 potions of might
 h - 2 potions of flight {unknown}
 j - 4 potions of haste {unknown}
 m - a potion of attraction {unknown}
 o - 2 potions of curing {unknown}
 r - a potion of mutation {unknown}
 t - a potion of lignification {unknown}
 z - a potion of ambrosia {unknown}


   Skills:
 * Level 5.1 Fighting
 + Level 2.4 Throwing
 - Level 2.3 Dodging
 - Level 1.3 Stealth
 + Level 8.3 Unarmed Combat
 * Level 4.3 Spellcasting
 - Level 3.2 Evocations


You had 16 spell levels left.
You didn't know any spells.
Your spell library contained the following spells:

 Spells                   Type           Power      Damage    Failure   Level
 Gell's Gravitas          Tloc           3%         N/A       17%         3
 Teleport Other           Tloc           3%         N/A       17%         3
 Dispersal                Tloc           1%         N/A       100%        6


Dungeon Overview and Level Annotations

Branches:
Dungeon (6/15)
 Temple: D:4-7

Altars:
Cheibriados
Dithmenos
Hepliaklqana
Kikubaaqudgha
Okawaru
Ru
The Shining One

Shops:
D:2 ?

Annotations:
D:4 exclusion: downstairs
D:5 exclusion: downstairs
D:6 exclusion: centaur


Innate Abilities, Weirdness & Mutations

You cannot wear most types of armour.
You are amphibious.
You can wear up to eight rings at the same time.
Your skin changes colour to match your surroundings (Stealth+).
Your rubbery body absorbs attacks. (AC +1, EV +1)
((You are camouflaged when in or above water. (Stealth+)))
You have tentacles for arms and can constrict up to eight enemies at once.


Message History

The orc warrior seems to be corroded for longer.
You kill the orc warrior!
The now-empty wand crumbles to dust.
A gnoll bouda comes into view. It is wielding a +0 club.
Your Fighting skill increases to level 5!
Your Unarmed Combat skill increases to level 8!
You have reached level 9!
Your experience leads to an increase in your attributes!
Increase (S)trength, (I)ntelligence, or (D)exterity?
You feel clever. x2
The sentinel's mark upon you fades away.
The gnoll bouda barks out a call to the hunt!
Aiming: Throw Flame
Press: ? - help, Shift-Dir - straight line, f - gnoll bouda
Aim: a gnoll bouda, wielding a +0 club and wearing a +0 robe (75% to hit)
The puff of flame hits the gnoll bouda!
The gnoll bouda is heavily wounded.
Unknown command.
You are too injured to fight recklessly!
Aiming: Throw Flame
Press: ? - help, Shift-Dir - straight line, f/p - gnoll bouda
Aim: a gnoll bouda, wielding a +0 club and wearing a +0 robe (heavily wounded, 75% to hit)
The puff of flame hits the gnoll bouda but does no damage.
The gnoll bouda is heavily wounded.
A gnoll comes into view. It is wielding a +0 spear.
You closely miss the gnoll bouda. You grab the gnoll bouda.
The gnoll bouda is heavily wounded.
You constrict the gnoll bouda.
A gnoll comes into view. It is wielding a +0 spear.
The gnoll hits you from afar with a +0 spear!
* * * LOW HITPOINT WARNING * * *
The gnoll bouda closely misses you.
You release your grip on the gnoll bouda.
Okay, then.
It was a potion of might.
You feel very mighty all of a sudden.
The gnoll bouda hits you with a +0 club!
* * * LOW HITPOINT WARNING * * *
The gnoll hits you from afar with a +0 spear.
You die...

#######
#.@ggg##
##.###..#
§...§##†#
#.....##)##
...._....).#
.##.....#.).#
. #§... #...#
..###.###...#
.............#


You could see a gnoll bouda and 2 gnolls.

Vanquished Creatures
  Menkaure (D:5)
  A steam dragon (D:6)
  2 water moccasins (D:6)
  An orc warrior (D:6)
  2 black bears (D:5)
  An ogre (D:5)
  2 centaurs (D:6)
  A phantom (D:5)
  A bullfrog (D:6)
  A necrophage (D:5)
  A scorpion (D:5)
  4 hounds
  2 orc priests
  3 orc wizards
  8 adders
  3 gnolls
  3 worms (D:2)
  6 dart slugs
  15 orcs
  4 bats (D:1)
  4 endoplasms
  4 giant cockroaches
  2 goblins (D:1)
  8 hobgoblins
  2 kobolds
  7 quokkas
  7 ball pythons
  4 frilled lizards
  6 rats
106 creatures vanquished.

Vanquished Creatures (collateral kills)
  A gnoll bouda (D:5)
  An iguana (D:5)
  An orc wizard (D:6)
  A gnoll (D:5)
  2 orcs (D:6)
6 creatures vanquished.

Vanquished Creatures (others)
  A scorpion (D:5)
  An orc priest (D:4)
  An orc wizard (D:4)
  3 gnolls (D:5)
6 creatures vanquished.

Grand Total: 118 creatures vanquished

Notes
Turn   | Place    | Note
-------+----------+-------------------------------------------
     0 | D:1      | H0rd4k the Octopode Artificer began the quest for the Orb.
     0 | D:1      | Reached XP level 1. HP: 13/13 MP: 1/1
   357 | D:1      | Found a faded altar of an unknown god.
   361 | D:1      | Reached XP level 2. HP: 18/18 MP: 1/3
   634 | D:1      | Reached skill level 1 in Spellcasting
   963 | D:1      | Reached skill level 1 in Unarmed Combat
   963 | D:1      | Reached XP level 3. HP: 14/24 MP: 4/4
  1370 | D:1      | You fall into a shaft and drop 1 floor!
  1486 | D:2      | Found Uraci's Magic Scroll Shoppe.
  1796 | D:2      | Found a hazy altar of Hepliaklqana.
  1819 | D:2      | Reached XP level 4. HP: 22/29 MP: 6/6
  2187 | D:2      | Reached skill level 2 in Unarmed Combat
  2877 | D:3      | Found a glowing golden altar of the Shining One.
  3094 | D:4      | Reached skill level 3 in Unarmed Combat
  3094 | D:4      | Reached XP level 5. HP: 10/35 MP: 6/8
  4435 | D:4      | Found a sacrificial altar of Ru.
  4477 | D:5      | Entered Level 5 of the Dungeon
  4674 | D:5      | Reached skill level 4 in Unarmed Combat
  4674 | D:5      | Reached XP level 6. HP: 28/42 MP: 9/9
  4789 | D:5      | Noticed Menkaure
  4796 | D:5      | Killed Menkaure
  4849 | D:5      | Noticed a black bear
  4869 | D:5      | Reached XP level 7. HP: 29/46 MP: 10/10
  4927 | D:5      | Reached skill level 5 in Unarmed Combat
  5236 | D:5      | Reached skill level 1 in Throwing
  5458 | D:5      | Found an iron altar of Okawaru.
  5458 | D:5      | Found a snail-covered altar of Cheibriados.
  5458 | D:5      | Found a shadowy altar of Dithmenos.
  5701 | D:5      | Reached skill level 6 in Unarmed Combat
  5713 | D:5      | Reached XP level 8. HP: 54/54 MP: 11/13
  6016 | D:6      | Reached skill level 7 in Unarmed Combat
  6484 | D:6      | Found an ancient bone altar of Kikubaaqudgha.
  6496 | D:6      | Reached skill level 5 in Fighting
  6496 | D:6      | Reached skill level 8 in Unarmed Combat
  6496 | D:6      | Reached XP level 9. HP: 18/61 MP: 15/15
  6503 | D:6      | HP: 1/61 [gnoll bouda/+0 club (9)]
  6503 | D:6      | Slain by a gnoll

Illustrated notes

Levels and vault maps discovered:
D:1:      onia_arrival_pyramid, layout_rooms, basic_ecumenical_altar
D:2:      layout_basic, serial_shops, nicolae_shop_waterfront, basic_altar,
          nicolae_titane
D:3:      layout_basic, tso_altar
D:4:      layout_cave_pods, mainiacjoe_overflow_alcove_4, minmay_strange_pillars
D:5:      layout_gridville, chequers_temple_overflow_statue_of_worship,
          dk_noncrumbling_3, uniq_menkaure
D:6:      layout_rooms, nicolae_kikubaaqudgha_miasma_corner

Skill      XL: |  1  2  3  4  5  6  7  8 |
---------------+-------------------------+-----
Spellcasting   | 1 2 3 4 |  4.3
Unarmed Combat | 1 3 4 6 8 |  8.3
Fighting       | 2 3 4 5 |  5.1
Throwing       | 1 2 |  2.4
Dodging        | |  2.3
Stealth        | |  1.3
Evocations     | |  3.2

Action                   |  1- 3 |  4- 6 |  7- 9 || total
-------------------------+-------+-------+-------++-------
Melee: Unarmed           |   114 |    89 |    57 ||   260
       Constrict         |    27 |    23 |    11 ||    61
       Tentacles         |    13 |    20 |    17 ||    50
       Punch             |     2 |     3 |     4 ||     9
Throw: Dart              |       |     8 |     4 ||    12
Evoke: Wand              |       |     5 |    35 ||    40
  Use: Potion            |       |       |     1 ||     1
 Stab: Sleeping          |     4 |     5 |     2 ||    11
Armor: Skin              |    10 |     5 |     4 ||    19
Dodge: Dodged            |    89 |    38 |    50 ||   177
